 Dungeon Crawl Stone Soup version 0.29.1-15-g9cfb28693d (webtiles) character file.

Game seed: 3471300729823264775

198932 Peloso the Fencer (level 18, 0/172 HPs)
             Began as a Minotaur Fighter on Apr 2, 2023.
             Was the Champion of Okawaru.
             Slain by a tyrant leech (28 damage)
             ... called by a spriggan druid
             ... called by a spriggan druid
             ... on level 2 of the Swamp.
             The game lasted 01:26:31 (42888 turns).

Peloso the Fencer (Minotaur Fighter)               Turns: 42888, Time: 01:26:31

Health: 0/172      AC: 40    Str: 38    XL:     18   Next: 23%
Magic:  29/29      EV: 13    Int:  9    God:    Okawaru [******]
Gold:   47         SH: 13    Dex: 17    Spells: 17/17 levels left

rFire   + + +      SeeInvis .   a - +11 long sword "Urexy" {venom, *Slow rF+ rC+ Str+3}
rCold   + + +      Faith    .   d - +2 buckler "Eskan" {*Slow rC+ MP+9 Slay+5}
rNeg    + . .      Spirit   .   m - +3 gold dragon scales
rPois   +          Reflect  .   O - +0 hat "Pobluir" {Harm rF+ rN+ Int+4}
rElec   .          Harm     +   K - +3 cloak of the Trees {Slay+2}
rCorr   .          Rampage  .   j - +2 pair of gloves {Str+3}
Will    +....                   Y - +1 pair of boots of Masochism {Dex+4}
Stlth   ..........              F - amulet of regeneration
HPRegen 1.18/turn               Q - ring of protection from cold
MPRegen 0.21/turn               s - ring of the Tempest {Fly Str+6}

@: heroic, flying, slowed, very slow
A: horns 2, retaliatory headbutt
a: Renounce Religion, Heroism, Finesse, Duel


You were on level 2 of the Swamp.
You worshipped Okawaru.
Okawaru was exalted by your worship.
You visited 7 branches of the dungeon, and saw 30 of its levels.
You visited the Abyss 2 times.
You visited 1 bazaar.
You also visited: Bailey, Ice Cave and Volcano.

You collected 2871 gold pieces.
You spent 2824 gold pieces at shops.

Inventory:

Hand Weapons
 a - the +11 long sword "Urexy" (weapon) {venom, *Slow rF+ rC+ Str+3}
   (Okawaru gifted it to you on level 1 of the Elven Halls)

   It poisons the flesh of those it strikes.
   Str:       It affects your strength (+3).
   rF:        It protects you from fire.
   rC:        It protects you from cold.
   *Slow:     It may slow you when you take damage.
 b - a +3 double sword of protection
 c - a +4 scimitar of flaming
 C - the +8 falchion "Toityreu" {speed, rN+ Dex+2 SInv}
   (Okawaru gifted it to you on level 2 of the Lair of Beasts)

   Attacks with this weapon are significantly faster.
   Dex:       It affects your dexterity (+2).
   rN:        It protects you from negative energy.
   SInv:      It lets you see invisible.
Armour
 d - the +2 buckler "Eskan" (worn) {*Slow rC+ MP+9 Slay+5}
   (Okawaru gifted it to you on level 5 of the Lair of Beasts)

   Slay:      It affects your accuracy & damage with ranged weapons and melee
   (+5).
   rC:        It protects you from cold.
   MP:        It affects your magic capacity (+9).
   *Slow:     It may slow you when you take damage.
 g - the +2 plate armour "Nawkyop" {Str+3}
   (You found it on level 4 of the Dungeon)

   Str:       It affects your strength (+3).
 j - a +2 pair of gloves of strength (worn)
 l - a +2 kite shield of cold resistance
 m - +3 gold dragon scales (worn)
 J - the +7 chain mail of Submission {+Blink rN+}
   (Okawaru gifted it to you on level 1 of the Swamp)

   rN:        It protects you from negative energy.
   +Blink:    It lets you blink.
 K - the +3 cloak of the Trees (worn) {Slay+2}
   (Okawaru gifted it to you on level 2 of the Elven Halls)

   Slay:      It affects your accuracy & damage with ranged weapons and melee
   (+2).
 O - the +0 hat "Pobluir" (worn) {Harm rF+ rN+ Int+4}
   (Okawaru gifted it to you on level 12 of the Dungeon)

   Int:       It affects your intelligence (+4).
   rF:        It protects you from fire.
   rN:        It protects you from negative energy.
   Harm:      It increases damage dealt and taken.
 R - +0 swamp dragon scales
 Y - the +1 pair of boots of Masochism (worn) {Dex+4}
   (You bought it in a shop in a bazaar)

   Dex:       It affects your dexterity (+4).
Jewellery
 h - a ring of poison resistance
 n - a +4 ring of protection
 o - a ring of positive energy
 q - an amulet of reflection
 s - the ring of the Tempest (right hand) {Fly Str+6}
   (You acquired it on level 2 of the Snake Pit)

   [ring of flight]

   Str:       It affects your strength (+6).
   Fly:       It grants you flight.
 w - a +6 ring of intelligence
 F - an amulet of regeneration (around neck)
 Q - a ring of protection from cold (left hand)
 U - a +4 ring of evasion
 X - a ring of see invisible
Wands
 u - a wand of flame (28)
 v - a wand of mindburst (23)
 x - a wand of roots (42)
 D - a wand of polymorph (29)
 G - a wand of acid (28)
Scrolls
 e - 3 scrolls of amnesia
 i - 11 scrolls of teleportation
 p - 2 scrolls of butterflies
 t - a scroll of silence
 y - 8 scrolls of fear
 z - 4 scrolls of blinking
 I - 4 scrolls of poison
 N - 2 scrolls of enchant weapon
 W - 3 scrolls of immolation
 Z - a scroll of acquirement
Potions
 f - 5 potions of brilliance
 k - 18 potions of curing
 r - 2 potions of heal wounds
 A - 3 potions of might
 B - 2 potions of berserk rage
 E - 6 potions of magic
 H - 3 potions of ambrosia
 L - 2 potions of mutation
 M - a potion of resistance
 S - 3 potions of haste
 T - a potion of invisibility
 V - 5 potions of flight
Miscellaneous
 P - a lightning rod (4/4)


   Skills:
 + Level 18.2(23.2) Fighting
 + Level 19.2(24.2) Long Blades
 + Level 4.8(9.8) Axes
 + Level 19.0(24.0) Armour
 + Level 5.0(10.0) Dodging
 + Level 3.2(8.2) Stealth
 + Level 19.0(24.0) Shields
 + Level 0.2(5.2) Unarmed Combat
 + Level 5.2 Invocations


You had 17 spell levels left.
You didn't know any spells.
Your spell library contained the following spells:

 Spells                   Type           Power      Damage    Failure   Level
 Beastly Appendage        Tmut           0%         N/A       89%         1
 Freeze                   Ice            0%         1d3       89%         1
 Sandblast                Erth           0%         2d4       89%         1
 Shock                    Conj/Air       0%         1d3       89%         1
 Slow                     Hex            0%         N/A       89%         1
 Sting                    Tmut/Pois      0%         1d3       89%         1
 Ensorcelled Hibernation  Hex/Ice        0%         N/A       96%         2
 Passwall                 Tmut/Erth      0%         N/A       96%         2
 Poisonous Vapours        Pois/Air       0%         N/A       96%         2
 Scorch                   Fire           0%         2d5       96%         2
 Wereblood                Tmut           0%         N/A       96%         2
 Confusing Touch          Hex            0%         N/A       99%         3
 Gell's Gravitas          Tloc           0%         N/A       99%         3
 Ignite Poison            Fire/Tmut/Pois 0%         N/A       99%         3
 Ozocubu's Armour         Ice            0%         N/A       99%         3
 Spider Form              Tmut/Pois      0%         N/A       99%         3
 Stone Arrow              Conj/Erth      0%         3d7       99%         3
 Swiftness                Air            0%         N/A       99%         3
 Teleport Other           Tloc           0%         N/A       99%         3
 Vampiric Draining        Necr           0%         2d6       99%         3
 Airstrike                Air            0%         2d(0-16)  100%        4
 Dispel Undead            Necr           0%         3d6       100%        4
 Flame Wave               Conj/Fire      0%         2d4       100%        4
 Ice Form                 Ice/Tmut       0%         N/A       100%        4
 Leda's Liquefaction      Hex/Erth       0%         N/A       100%        4
 Olgreb's Toxic Radiance  Pois           0%         N/A       100%        4
 Alistair's Intoxication  Tmut/Pois      0%         N/A       100%        5
 Blade Hands              Tmut           0%         N/A       100%        5
 Borgnjor's Vile Clutch   Necr/Erth      0%         N/A       100%        5
 Fireball                 Conj/Fire      0%         3d3       100%        5
 Freezing Cloud           Conj/Ice/Air   0%         6-21      100%        5
 Iskenderun's Battlesphe  Conj           0%         2d6       100%        5
 Lee's Rapid Deconstruct  Erth           0%         3d5*      100%        5
 Metabolic Englaciation   Hex/Ice        0%         N/A       100%        5
 Conjure Ball Lightning   Conj/Air       0%         3x3d6     100%        6
 Dispersal                Tloc           0%         N/A       100%        6
 Iron Shot                Conj/Erth      0%         9d1       100%        6
 Statue Form              Tmut/Erth      0%         N/A       100%        6
 Orb of Destruction       Conj           0%         9d5       100%        7
 Lehudib's Crystal Spear  Conj/Erth      0%         10d2      100%        8
 Polar Vortex             Ice            0%         N/A       100%        9
 Animate Armour           Summ/Erth      Unusable   N/A       N/A         4
 Animate Dead             Necr           Unusable   N/A       N/A         4
 Death Channel            Necr           Unusable   N/A       N/A         6
 Simulacrum               Ice/Necr       Unusable   N/A       N/A         6
 Summon Cactus Giant      Summ           Unusable   N/A       N/A         6

Dungeon Overview and Level Annotations

Branches:
Dungeon (15/15)            Temple (1/1) D:4            Lair (5/5) D:10
  Swamp (2/4) Lair:3        Snake (2/4) Lair:2        Slime (0/5) Lair:4
    Orc (2/2) D:12            Elf (3/3) Orc:2        Vaults (0/5) D:14
 Depths (0/4) D:15         Bailey (visited)           IceCv (visited)
Volcano (visited)

Altars:
Ashenzari
Cheibriados
Dithmenos
Elyvilon
Fedhas
Gozag
Hepliaklqana
Kikubaaqudgha
Makhleb
Nemelex Xobeh
Okawaru
Qazlal
Ru
Sif Muna
Trog
Uskayaw
Vehumet
Wu Jian
Xom
Yredelemnul
Zin
Jiyva

Shops:
D:1 !   Orc:2 [(!?   Elf:1 =?[(   Elf:2 [   Snake:1 :??(

Annotations:
Lair:1 exclusion: 4 oklob plants
Elf:2 3 runed translucent doors


Innate Abilities, Weirdness & Mutations

You have a pair of horns on your head.
You reflexively headbutt those who attack you in melee.


Message History

You hit the spriggan druid.
The spriggan druid is poisoned.
The spriggan druid is severely wounded.
You block the tyrant leech's attack.
The spriggan rider hits you with a +0 spear.
* * * LOW HITPOINT WARNING * * *
The spriggan rider barely misses you.
The spriggan druid hits you but does no damage.
You slice the spriggan druid!!
With its final breath, the spriggan druid offers up its power to the beasts of the wild!
The tyrant leech seems to grow more fierce.
You kill the spriggan druid!
Okawaru accepts your kill. You block the spriggan rider's attack.
The spriggan rider hits you but does no damage.
You slash the spriggan rider!
The spriggan rider is poisoned.
Your headbutt misses the spriggan rider.
The spriggan rider is lightly wounded.
The tyrant leech bites you but does no damage.
The spriggan rider hits you from afar with a +0 spear!
* * * LOW HITPOINT WARNING * * *
The spriggan rider closely misses you. You furiously retaliate!
You headbutt the spriggan rider! You barely miss the spriggan rider.
You headbutt the spriggan rider!
The spriggan rider is severely wounded.
The tyrant leech bites you.
* * * LOW HITPOINT WARNING * * *
You block the spriggan rider's attack.
The spriggan rider hits you but does no damage.
Unknown command.
You slash the spriggan rider!
You kill the spriggan rider!
Okawaru accepts your kill.
You kill the hornet!
Okawaru accepts your kill.
You hear a splash.
You block the tyrant leech's attack. You block the spriggan rider's attack.
You slash the tyrant leech!
The tyrant leech is poisoned.
The tyrant leech is moderately wounded.
You block the spriggan rider's attack. The tyrant leech bites you!!
You die...

♣~.~~~.♣♣.~~.~♣♣.§
♣♣.~~~~♣♣♣♣^.♣♣♣♣.
♣♣....♣♣♣ ♣♣♣♣ ♣♣
♣~.~.♣♣ ♣ ♣~~~.♣♣♣
♣ ♣.~~...♣
♣.~i~~~♣♣♣.
♣~)w~~§.~~~
♣♣@)~~~~~~§
♣~).~~~...
♣.....~~.♣♣
♣$~~....?♣
♣♣....~~♣..
~....§♣♣.~ .~~♣♣♣♣
♣~~~♣


You could see a tyrant leech (strong, very poisoned) and a spriggan rider.

Vanquished Creatures
  A bone dragon (Abyss:2)
  A tentacled monstrosity (Abyss:2)
  A lich (Abyss:2)
  Rupert (D:15)
  A tentacled starspawn (Abyss:2)
  A thorn hunter (Swamp:2)
  Kirke (Swamp:1)
  Louise (Snake:1)
  A deep elf sorcerer (Elf:3)
  An ironbound preserver (D:14)
  An emperor scorpion (D:15)
  3 deep elf elementalists
  4 deep elf demonologists (Elf:3)
  2 bunyips (Swamp:2)
  A deep elf annihilator (Elf:3)
  Nessos (D:15)
  A dire elephant (D:15)
  Snorg (D:11)
  An ettin (Orc:2)
  Josephine (Orc:1)
  A deep elf high priest (Elf:3)
  Harold (Orc:1)
  Fannar (D:12)
  4 boulder beetles
  11 hydras
  6 centaur warriors
  A ghost crab (Swamp:2)
  An anaconda (Snake:2)
  4 catoblepae
  14 death yaks
  2 two-headed ogres
  4 naga warriors
  5 alligators
  A fenstrider witch skeleton (Abyss:2)
  17 dancing weapons
  A naga sharpshooter (Snake:2)
  An orc high priest (Orc:1)
  Urug (D:11)
  6 thrashing horrors (Abyss:2)
  2 deep elf knights
  A fire crab (shapeshifter) (Elf:1)
  4 wretched stars (Abyss:2)
  4 goliath frogs
  A salamander mystic (Snake:2)
  4 skeletal warriors (D:13)
  A swamp dragon (Swamp:1)
  3 deep elf archers
  A flayed ghost (Abyss:2)
  4 spriggan druids
  2 naga ritualists
  4 bog bodies
  3 orc knights
  Pikel (D:9)
  13 deep elf zephyrmancers
  18 deep elf pyromancers
  A wolf spider (D:15)
  6 ugly things
  9 salamanders
  7 orc sorcerers
  A will-o-the-wisp (Swamp:2)
  A worldbinder (Abyss:2)
  6 cyclopes
  A rust devil (Abyss:2)
  6 manticores
  4 naga magi
  5 torpor snails (Lair:2)
  A guardian serpent (shapeshifter) (D:15)
  10 black mambas
  2 guardian serpents
  2 ice statues (IceCv)
  A smoke demon (Abyss:2)
  4 gargoyles
  12 cane toads
  An unseen horror (Abyss:2)
  5 efreet
  7 komodo dragons
  4 rime drakes
  A freezing wraith (IceCv)
  A demonic crawler (Abyss:2)
  Psyche (D:8)
  A tengu conjurer (D:14)
  A kobold demonologist (D:14)
  2 ice devils (Lair:5)
  4 hornets
  4 ancient zymes
  12 trolls
  A wolf spider simulacrum (D:14)
  6 tyrant leeches
  A troll (shapeshifter) (D:13)
  A polar bear (Lair:4)
  17 blink frogs
  4 slime creatures (D:14)
  5 raiju (Abyss:2)
  9 large abominations (Abyss:2)
  Sigmund (D:2)
  3 air elementals
  4 water elementals
  2 vampires
  2 spriggans (Swamp:2)
  4 wraiths
  40 yaks
  2 hogs (Swamp:2)
  A yak (shapeshifter) (D:14)
  7 fire elementals
  A chaos spawn (Abyss:2)
  A fire bat (Volcano)
  4 wyverns
  2 steam dragons
  4 basilisks
  2 neqoxecs (Abyss:2)
  3 humans
  19 nagas
  10 wargs
  A harpy simulacrum (IceCv)
  2 death yak simulacra (IceCv)
  4 swamp worms (Swamp:2)
  Duvessa (D:7)
  An acid dragon (D:10)
  A hydra simulacrum (IceCv)
  6 water moccasins
  2 hell hounds (Volcano)
  A swamp drake (Swamp:1)
  26 orc warriors
  2 ice beasts
  2 sky beasts (D:7)
  2 ogres
  4 black bears
  18 centaurs
  26 wolves
  A phantom (D:7)
  11 bullfrogs
  3 earth elementals
  4 necrophages
  4 scorpions
  9 wights
  Dowan (D:7)
  3 killer bees (D:9)
  4 howler monkeys
  2 bullfrog zombies (D:5)
  2 jellies
  2 hounds
  A human zombie (D:5)
  A gnoll bouda (D:9)
  17 orc priests
  2 iron imps (Abyss:2)
  Jessica (D:3)
  An iguana (D:7)
  42 orc wizards
  14 hell rats
  A killer bee zombie (D:5)
  3 small abominations (Abyss:2)
  3 mummies (D:5)
  A howler monkey zombie (D:5)
  16 gnolls
  11 adders
  2 shadow imps
  2 white imps
  4 ufetubi
  An adder zombie (D:5)
  2 worms
  2 dart slugs (D:1)
  106 orcs
  7 bats
  3 endoplasms
  6 giant cockroaches
  6 goblins
  8 hobgoblins
  5 jackals (D:1)
  9 quokkas
  3 ball pythons
  4 frilled lizards
  5 kobolds
  2 rats (D:1)
  A spectral hobgoblin (D:2)
  2 briar patches (Swamp:2)
  2 bushes (Lair:4)
894 creatures vanquished.

Vanquished Creatures (others)
  A deep elf knight (Elf:1)
  A goliath frog (Swamp:1)
  A bog body (Swamp:2)
  2 deep elf zephyrmancers
  An ugly thing (IceCv)
  5 bloated husks
  A briar patch (Swamp:2)
  20 foxfires (Swamp:2)
  17 fungi
  A lurking horror (Abyss:2)
  38 plants
  4 starspawn tentacles (Abyss:2)
92 creatures vanquished.

Grand Total: 986 creatures vanquished

Notes
Turn   | Place    | Note
-------+----------+-------------------------------------------
     0 | D:1      | Peloso the Minotaur Fighter began the quest for the Orb.
     0 | D:1      | Reached XP level 1. HP: 19/19 MP: 0/0
   182 | D:1      | Reached XP level 2. HP: 27/27 MP: 1/1
   279 | D:1      | Found Mufreb's Distillery.
  1098 | D:1      | Reached XP level 3. HP: 29/33 MP: 2/2
  1830 | D:2      | Identified the +2 leather armour "Tenuf" {Harm Fly rF-
                  | Stlth+}
  1887 | D:2      | Reached XP level 4. HP: 40/40 MP: 3/3
  1896 | D:2      | Found a faded altar of an unknown god.
  2542 | D:3      | Noticed Sigmund
  2654 | D:2      | HP: 1/41 [orc/+0 trident (4)]
  2657 | D:2      | Killed Sigmund
  2658 | D:2      | Reached skill level 5 in Long Blades
  2658 | D:2      | Reached skill level 5 in Armour
  2658 | D:2      | Reached XP level 5. HP: 13/47 MP: 4/4
  2658 | D:2      | Reached XP level 6. HP: 15/55 MP: 5/5
  2917 | D:3      | Reached skill level 5 in Fighting
  2940 | D:3      | Reached skill level 1 in Dodging
  3067 | D:3      | Found a hide-covered altar of Uskayaw.
  3600 | D:3      | Noticed Jessica
  3619 | D:3      | Killed Jessica
  4093 | D:3      | Reached XP level 7. HP: 60/61 MP: 6/6
  4611 | D:4      | Found a staircase to the Ecumenical Temple.
  4665 | Temple   | Entered the Ecumenical Temple
  4762 | Temple   | Became a worshipper of Warmaster Okawaru
  4816 | D:4      | Identified the +2 plate armour "Nawkyop" {Str+3}
  5024 | D:4      | Found the +3 woodcutter's axe {vorpal}
  5290 | D:5      | Entered Level 5 of the Dungeon
  5343 | D:5      | Reached * piety under Okawaru
  5344 | D:5      | Reached skill level 5 in Shields
  5366 | D:5      | Reached XP level 8. HP: 17/70 MP: 4/7
  5713 | D:5      | You fall into a shaft and drop 2 floors!
  6248 | D:5      | Reached ** piety under Okawaru
  6308 | D:5      | Found an ancient bone altar of Kikubaaqudgha.
  6333 | D:5      | Reached skill level 1 in Stealth
  6559 | D:5      | Found a shadowy altar of Dithmenos.
  6670 | D:6      | Reached XP level 9. HP: 78/78 MP: 8/8
  7344 | D:7      | Reached *** piety under Okawaru
  7495 | D:7      | Found a stormy altar of Qazlal.
  7978 | D:7      | Noticed Duvessa
  7978 | D:7      | Noticed Dowan
  7991 | D:7      | Killed Duvessa
  7996 | D:7      | Killed Dowan
  7997 | D:7      | Reached skill level 10 in Long Blades
  8649 | D:8      | Noticed Psyche
  8660 | D:8      | Killed Psyche
  9174 | D:8      | Reached XP level 10. HP: 60/87 MP: 7/9
  9307 | D:8      | Reached **** piety under Okawaru
  9420 | D:8      | Identified the +3 ring mail of Yredelemnul's Envy {Will+
                  | Str+2}
  9644 | D:8      | Found a hazy altar of Hepliaklqana.
  9644 | D:8      | Found a faded altar of an unknown god.
  9650 | D:8      | Found a broken altar of Ashenzari.
  9935 | D:8      | Found a sparkling altar of Nemelex Xobeh.
  9937 | D:8      | Found a faded altar of an unknown god.
 10230 | D:8      | Identified a scroll of acquirement
 10256 | D:9      | Noticed Pikel
 10269 | D:9      | Killed Pikel
 10275 | D:9      | Found a flagged portal.
 10357 | Bailey   | Entered a bailey
 10401 | Bailey   | Acquired a +3 double sword of holy wrath
 10634 | Bailey   | Reached skill level 1 in Invocations
 11020 | D:9      | Reached skill level 10 in Armour
 11779 | D:10     | Entered Level 10 of the Dungeon
 11828 | D:10     | Noticed a two-headed ogre
 11843 | D:10     | Killed a two-headed ogre
 11922 | D:10     | Reached ***** piety under Okawaru
 12014 | D:10     | Reached XP level 11. HP: 86/97 MP: 10/10
 12716 | D:10     | Found a staircase to the Lair.
 13176 | D:11     | Noticed Urug
 13195 | D:11     | Killed Urug
 13196 | D:11     | Reached skill level 10 in Fighting
 13442 | D:11     | Noticed a cyan ugly thing
 13451 | D:11     | Killed a cyan ugly thing
 13451 | D:11     | Identified the +1 robe "Doneduci" {Will- Int+8 Slay+3}
                  | (Okawaru gifted it to you on level 11 of the Dungeon)
 13451 | D:11     | Received a gift from Okawaru
 13466 | D:11     | Noticed Snorg
 13478 | D:11     | Killed Snorg
 14189 | Lair:1   | Entered Level 1 of the Lair of Beasts
 14780 | Lair:1   | Noticed an oklob plant
 14780 | Lair:1   | Noticed an oklob plant
 14780 | Lair:1   | Noticed an oklob plant
 14780 | Lair:1   | Noticed an oklob plant
 15448 | Lair:2   | Found a snail-covered altar of Cheibriados.
 15471 | Lair:2   | Reached skill level 10 in Shields
 15487 | Lair:2   | Identified the +8 falchion "Toityreu" {speed, rN+ Dex+2
                  | SInv} (Okawaru gifted it to you on level 2 of the Lair of
                  | Beasts)
 15487 | Lair:2   | Received a gift from Okawaru
 15632 | Lair:2   | Found a basalt altar of Yredelemnul.
 15649 | Lair:2   | Reached XP level 12. HP: 86/110 MP: 11/11
 16385 | Lair:2   | Found a staircase to the Snake Pit.
 16990 | Lair:3   | Noticed a five-headed hydra
 17014 | Lair:3   | Killed a one-headed hydra
 17326 | Lair:3   | Found a staircase to the Swamp.
 17630 | Lair:3   | Reached skill level 15 in Long Blades
 17750 | Lair:3   | Noticed a death yak
 17765 | Lair:3   | Noticed a death yak
 17766 | Lair:3   | Noticed a death yak
 17783 | Lair:3   | Killed a death yak
 17783 | Lair:3   | Received a gift from Okawaru
 17802 | Lair:3   | Killed a death yak
 17818 | Lair:3   | Killed a death yak
 17819 | Lair:3   | Reached skill level 1 in Axes
 18411 | D:12     | Found a staircase to the Orcish Mines.
 18694 | D:12     | Noticed a centaur warrior
 18784 | D:12     | Identified the +0 hat "Pobluir" {Harm rF+ rN+ Int+4}
                  | (Okawaru gifted it to you on level 12 of the Dungeon)
 18784 | D:12     | Received a gift from Okawaru
 18850 | D:12     | Noticed a four-headed hydra
 18862 | D:12     | Killed a one-headed hydra
 18863 | D:12     | Reached XP level 13. HP: 83/119 MP: 12/12
 19161 | D:12     | Got the Discourse on Tainted Black Deeds
 19235 | D:12     | Noticed Fannar
 19278 | D:12     | Killed Fannar
 19685 | Orc:1    | Entered Level 1 of the Orcish Mines
 19700 | Orc:1    | Noticed Josephine
 19719 | Orc:1    | Killed Josephine
 19767 | Orc:1    | Found a dark tunnel.
 19767 | Orc:1    | Noticed Harold
 19773 | Orc:1    | Paralysed by an orc sorcerer for 2 turns
 19788 | Orc:1    | Killed Harold
 19794 | Volcano  | Entered a volcano
 21064 | Orc:1    | Found an iron altar of Okawaru.
 21538 | Orc:2    | Entered Level 2 of the Orcish Mines
 21546 | Orc:2    | Noticed an ettin
 22159 | Orc:2    | Killed an ettin
 22450 | Orc:2    | Found Jaury's Distillery.
 22450 | Orc:2    | Found Xoysun's Magic Scroll Boutique.
 22454 | Orc:2    | Bought a potion of mutation for 96 gold pieces
 22454 | Orc:2    | Bought a potion of degeneration for 12 gold pieces
 22963 | Orc:2    | Found a staircase to the Elven Halls.
 23091 | Orc:2    | Found Lov Vaaf's Antique Armour Shoppe.
 23091 | Orc:2    | Found Onufe's Antique Weapon Boutique.
 23394 | D:13     | Received a gift from Okawaru
 23858 | Lair:4   | Found a viscous altar of Jiyva.
 23860 | Lair:4   | Found a staircase to the Slime Pits.
 24658 | Lair:4   | Found a hide-covered altar of Uskayaw.
 24660 | Lair:4   | Found an ornate altar of the Wu Jian Council.
 24800 | Lair:5   | Entered Level 5 of the Lair of Beasts
 24807 | Lair:5   | Reached XP level 14. HP: 132/132 MP: 14/14
 24842 | Lair:5   | Identified the +2 buckler "Eskan" {*Slow rC+ MP+9 Slay+5}
                  | (Okawaru gifted it to you on level 5 of the Lair of Beasts)
 24842 | Lair:5   | Received a gift from Okawaru
 25181 | Lair:5   | Found a frozen archway.
 25203 | IceCv    | Entered an ice cave
 25582 | IceCv    | Found a transporter.
 25591 | IceCv    | Found a transporter.
 25650 | IceCv    | Identified the +4 trident of Immorality {vorpal, Drain
                  | rCorr Str+8 Int+3}
 26851 | Lair:5   | Reached skill level 15 in Shields
 26868 | Lair:5   | Reached skill level 15 in Fighting
 26882 | Lair:5   | Reached skill level 15 in Armour
 27210 | Lair:5   | Received a gift from Okawaru
 28606 | D:14     | Reached XP level 15. HP: 141/141 MP: 16/16
 28777 | D:14     | Found a gate to the Vaults.
 28793 | D:14     | Identified the +0 plate armour of the Volcano {Int+5 Dex+2}
                  | (Okawaru gifted it to you on level 14 of the Dungeon)
 28793 | D:14     | Received a gift from Okawaru
 29388 | D:15     | Entered Level 15 of the Dungeon
 29470 | D:15     | Noticed Rupert
 29487 | D:15     | Killed Rupert
 29594 | D:15     | Found a broken altar of Ashenzari.
 29817 | D:15     | Identified the +7 ring mail of Liberalism {+Blink Fly
                  | Stlth+}
 29879 | D:15     | Noticed Nessos
 29886 | D:15     | Killed Nessos
 30894 | D:15     | Found a staircase to the Depths.
 30895 | D:15     | Noticed an emperor scorpion
 30934 | D:15     | Killed an emperor scorpion
 31256 | Elf:1    | Entered Level 1 of the Elven Halls
 31606 | Elf:1    | Reached ****** piety under Okawaru
 31626 | Elf:1    | HP: 4/144 [+1 dire flail of holy wrath (19)]
 32029 | Elf:1    | Identified the +11 long sword "Urexy" {venom, *Slow rF+ rC+
                  | Str+3} (Okawaru gifted it to you on level 1 of the Elven
                  | Halls)
 32029 | Elf:1    | Received a gift from Okawaru
 32170 | Elf:1    | Found Mics's Armour Emporium.
 32266 | Elf:1    | Found Joaceoqu's Weapon Boutique.
 32304 | Elf:1    | HP: 4/144 [deep elf pyromancer/bolt of fire (19)]
 32404 | Elf:1    | Found a shimmering blue altar of Sif Muna.
 32757 | Elf:1    | Found Apozicow's Magic Scroll Shoppe.
 32914 | Elf:1    | Found Acloejec's Jewellery Emporium.
 33091 | Elf:1    | Reached XP level 16. HP: 152/152 MP: 18/18
 33122 | Elf:2    | Paralysed by an air elemental for 1 turns
 33126 | Elf:2    | Paralysed by an air elemental for 1 turns
 33287 | Elf:2    | Found a runed translucent gate.
 33287 | Elf:2    | Found a runed translucent gate.
 33288 | Elf:2    | Found a runed translucent gate.
 33368 | Elf:2    | Reached skill level 5 in Dodging
 33380 | Elf:2    | Identified the +3 cloak of the Trees {Slay+2} (Okawaru
                  | gifted it to you on level 2 of the Elven Halls)
 33380 | Elf:2    | Received a gift from Okawaru
 33382 | Elf:2    | Paralysed by an air elemental for 1 turns
 33384 | Elf:2    | Paralysed by an air elemental for 1 turns
 33746 | Elf:2    | Got the Folio of Minerals
 33767 | Elf:2    | Got the Spellbook of the Snowflakes
 33958 | Elf:2    | Reached XP level 17. HP: 157/160 MP: 19/19
 34161 | Elf:2    | Found Tristan's Dragon-Slaying Spoils.
 35749 | Elf:3    | Entered Level 3 of the Elven Halls
 35871 | Elf:3    | Paralysed by an air elemental for 1 turns
 35943 | Elf:3    | Found a flickering gateway to a bazaar.
 35952 | Bazaar   | Entered a bazaar
 35954 | Bazaar   | Found Wedd's Antique Armour Boutique.
 35958 | Bazaar   | Found Puecroto's Weapon Boutique.
 35958 | Bazaar   | Found Coifais's Distillery.
 35958 | Bazaar   | Found Fippe's General Store.
 35994 | Bazaar   | Bought a pair of masterwork boots for 351 gold pieces
 35994 | Bazaar   | Identified the +1 pair of boots of Masochism {Dex+4} (You
                  | bought it in a shop in a bazaar)
 36211 | Bazaar   | Bought a potion of mutation for 88 gold pieces
 36331 | Elf:2    | Bought +1 gold dragon scales for 1653 gold pieces
 36890 | Abyss:2  | Cast into level 2 of the Abyss (a deep elf sorcerer)
 37271 | Abyss:2  | Noticed a lich
 37283 | Abyss:2  | Killed a lich
 37291 | Elf:3    | Escaped the Abyss
 37784 | Elf:3    | Reached skill level 5 in Invocations
 37785 | Elf:3    | Noticed a Brimstone Fiend
 37797 | Elf:3    | Noticed a Brimstone Fiend
 38122 | Elf:3    | Noticed a Tzitzimitl
 38489 | Elf:3    | Received a gift from Okawaru
 38491 | Abyss:2  | Cast into level 2 of the Abyss (a deep elf sorcerer)
 38599 | Abyss:2  | Noticed a bone dragon
 38618 | Abyss:2  | Killed a bone dragon
 38793 | Abyss:2  | Noticed a tentacled monstrosity
 38812 | Abyss:2  | Killed a tentacled monstrosity
 38877 | Elf:3    | Escaped the Abyss
 39204 | Snake:1  | Entered Level 1 of the Snake Pit
 39204 | Snake:1  | Noticed Louise
 39204 | Snake:1  | Found a sparkling altar of Nemelex Xobeh.
 39221 | Snake:1  | Killed Louise
 39229 | Snake:1  | Found Yppoc's Antique Weapon Shop.
 39235 | Snake:1  | Found Duimmal's Magic Scroll Shop.
 39235 | Snake:1  | Found Zoukkiopn's Magic Scroll Boutique.
 39248 | Snake:1  | Found Xeof's Book Boutique.
 40140 | Snake:2  | Acquired the ring of the Tempest {Fly Str+6}
 40861 | Swamp:1  | Entered Level 1 of the Swamp
 41575 | Swamp:1  | Identified the +7 chain mail of Submission {+Blink rN+}
                  | (Okawaru gifted it to you on level 1 of the Swamp)
 41575 | Swamp:1  | Received a gift from Okawaru
 41661 | Swamp:1  | Reached XP level 18. HP: 152/172 MP: 20/20
 41849 | Swamp:2  | Noticed Kirke
 41859 | Swamp:1  | Killed Kirke
 42477 | Swamp:2  | Identified the +0 leather armour of Uskayaw {rF+ rC+ Str+4}
 42662 | Snake:1  | Bought a scroll of acquirement for 624 gold pieces
 42888 | Swamp:2  | Slain by a tyrant leech

Illustrated notes

Levels and vault maps discovered:
D:1:      ncdulo_halloftheorcs, layout_basic, serial_shops,
          nicolae_shop_hallway_stairs, minmay_indecisive_spiral
D:2:      layout_loops_ring, serial_forest, infiniplex_forest_end_2,
          infiniplex_forest_clump_cross, infiniplex_forest_join,
          infiniplex_forest_straight_2, infiniplex_forest_lined_1,
          infiniplex_forest_lined_room_3, infiniplex_forest_clump_small,
          dreamdust_ecumenical_altar_drowned_temple
D:3:      layout_rooms, nicolae_uskayaw_dance_hall, serial_corexii_hall,
          chequers_hall_statues_corner_a, corexii_hall_statues_l, uniq_sigmund,
          uniq_jessica
D:4:      layout_loops_cross, temple_green
D:5:      layout_gridville, mainiacjoe_overflow_alcove_2,
          lemuel_mausoleum_altar_kikubaaqudgha, minmay_fractal_squares_5
D:6:      layout_gridville, kennysheep_generic_room_15
D:7:      layout_basic, mainiacjoe_overflow_six_doors_small,
          minmay_stone_trees_medium, uniq_duvessa
D:8:      layout_basic, chequers_temple_overflow_minitemple,
          hangedman_glass_teeth, minmay_misc_feat_iff, hex_large,
          minmay_misc_feat_rows, dreamdust_princess_corridor, uniq_psyche
D:9:      layout_basic, serial_curves, eino_curves_04, eino_curves_04,
          enter_bailey_2, uniq_pikel
D:10:     layout_roguey, grunt_lair_entry_orc_guard_hut, grunt_decor_cap
D:11:     layout_roguey, kennysheep_generic_room_12, uniq_snorg, uniq_urug
D:12:     layout_cave_pods, david_orc_3, minmay_liquid_box, uniq_fannar
D:13:     layout_rooms
D:14:     layout_rooms, skrybe_vaults_entry_preservation, serial_bayou_ford_a
D:15:     hangedman_depths_entry_try_elsewhere_first, layout_layer_cave,
          nicolae_ashenzari_panopticon, uniq_nessos, uniq_rupert
Temple:   regret_index_temple_waves
Lair:1:   dpeg_oklob_gauntlet, layout_long_grid,
          eino_small_chamber_without_monster, grunt_megastairs_3,
          serial_bayou_shore_b
Lair:2:   layout_hall_layers, guppyfry_snake_entry_garden, basic_altar,
          kennysheep_snail_temple
Lair:3:   layout_regular_city, swamp_mist, grunt_megastairs_1, lemuel_fruit_tree
Lair:4:   layout_cave_shapes, slime_entry_1, chequers_serial_rivers_micro_e,
          nzn_masters_of_martial_movement
Lair:5:   evilmike_catoblepas_cave, layout_small_grid,
          portal_ice_cave_demonic_guard, chequers_serial_rivers_room_a
Swamp:1:  layout_basic_swamp, evilmike_swamp_ruin_house_6,
          infiniplex_staircase_pool
Swamp:2:  layout_basic_swamp, nicolae_swamp_tree_designs,
          nicolae_swamp_super_fun_site, uniq_kirke
Snake:1:  layout_gridlike, basic_altar, minmay_shoptagon, uniq_louise
Snake:2:  layout_layer_cave, nicolae_triple_integral
Orc:1:    layout_caves, nicolae_volcano_entry_two_sided,
          okawaru_metal_pillars_3, uniq_harold, uniq_josephine
Orc:2:    st_orc_town, layout_caves
Elf:1:    eino_elf_arrival_the_gate, layout_loops_corners, serial_shops,
          shop_fountains, shop_fountains, nicolae_shop_crystal,
          nicolae_shop_trees, basic_altar, minivault_28
Elf:2:    elven_hall_of_blades_hangedman_original
          [nicolae_blade_entry_sentries_behind_glass], layout_loops_cross,
          amcnicky_mini_corridor_feature, nicolae_shop_dragon_depot,
          minivault_16, nicolae_elf_elemental_lessons
Elf:3:    minmay_elf_hall_dome, layout_gridlike, serial_shops, freezing_bzr,
          minmay_elf_demonology

Skill      XL: |  1  2  3  4  5  6  7  8  9 10 11 12 13 14 15 16 17 18 |
---------------+-------------------------------------------------------+-----
Fighting       | 4 5 6 8 9 11 12 14 15 16 18 | 18.2
Armour         | 4 5 6 8 9 10 12 13 14 15 16 17 18 19 | 19.0
Shields        | 4 5 7 9 10 12 13 15 17 18 19 | 19.0
Long Blades    | 3 5 7 8 10 12 14 15 16 17 18 19 | 19.2
Dodging        | 1 2 3 4 5 |  5.0
Stealth        | 1 2 3 |  3.2
Invocations    | 1 2 4 5 |  5.2
Axes           | 1 3 4 |  4.8
Unarmed Combat | |  0.2

Action                   |  1- 3 |  4- 6 |  7- 9 | 10-12 | 13-15 | 16-18 || total
-------------------------+-------+-------+-------+-------+-------+-------++-------
Melee: Long sword        |   109 |   106 |   421 |    51 |    40 |   643 ||  1370
       Headbutt          |     5 |    10 |    81 |   198 |   372 |   176 ||   842
       Double sword      |       |       |       |   398 |       |       ||   398
       Unarmed           |       |       |       |     6 |       |       ||     6
       Falchion          |       |       |       |   319 |  1175 |       ||  1494
       War axe           |       |       |       |    14 |    18 |       ||    32
       Scimitar          |       |       |       |       |     3 |     6 ||     9
Invok: Heroism           |       |       |     7 |    11 |    24 |    11 ||    53
       Finesse           |       |       |       |       |     5 |     1 ||     6
  Use: Potion            |       |     2 |     3 |       |     6 |     3 ||    14
       Scroll            |       |       |       |    21 |    12 |     5 ||    38
Armor: Scale mail        |    53 |    54 |     1 |       |       |       ||   108
       Plate armour      |       |       |   201 |   332 |   407 |    52 ||   992
       Chain mail        |       |       |    14 |       |       |       ||    14
       Skin              |       |       |       |     1 |       |       ||     1
       Gold dragon scale |       |       |       |       |       |   373 ||   373
Dodge: Dodged            |    47 |    68 |   113 |   225 |   288 |   246 ||   987
Block: Buckler           |    23 |    32 |   228 |   428 |   641 |   388 ||  1740
       Reflection        |       |       |     7 |    15 |    44 |     8 ||    74
